 Dungeon Crawl Stone Soup version 0.29.1-15-g9cfb28693d (webtiles) character file.

Game seed: 9492302108902105956

85 promet the Ducker (level 4, -9/30 HPs)
             Began as a Merfolk Wanderer on Mar 16, 2023.
             Mangled by an ogre
             ... wielding a +0 giant club
              (28 damage)
             ... on level 3 of the Dungeon.
             The game lasted 00:12:50 (2200 turns).

promet the Ducker (Merfolk Wanderer)                Turns: 2200, Time: 00:12:51

Health: -9/30      AC:  7    Str: 14    XL:     4   Next: 48%
Magic:  5/5        EV: 13    Int: 12    God:
Gold:   82         SH:  0    Dex: 12    Spells: 4/5 levels left

rFire   . . .      SeeInvis .   a - +2 falchion (vorpal)
rCold   . . .      Faith    .   (no shield)
rNeg    . . .      Spirit   .   d - +0 leather armour
rPois   .          Reflect  .   g - +2 helmet
rElec   .          Harm     .   (no cloak)
rCorr   .          Rampage  .   (no gloves)
Will    .....                   h - +0 pair of boots
Stlth   +.........              (no amulet)
HPRegen 0.10/turn               (no ring)
MPRegen 0.09/turn               (no ring)

@: no status effects
A: (nimble swimmer 2), mertail
a: no special abilities


You were on level 3 of the Dungeon.
You visited 1 branch of the dungeon, and saw 3 of its levels.

You collected 82 gold pieces.

Inventory:

Hand Weapons
 a - a +2 vorpal falchion (weapon)
 b - the +0 sling "Ofoed" {venom, rN+ Str+2 Int+6}
   (You found it on level 2 of the Dungeon)

   Any ammunition fired from it poisons the flesh of those it strikes.
   Str:       It affects your strength (+2).
   Int:       It affects your intelligence (+6).
   rN:        It protects you from negative energy.
 p - a +0 sling
 s - a +3 hand axe
Missiles
 j - 42 stones
 k - 3 boomerangs (quivered)
 o - 6 poisoned darts
 r - a throwing net
Armour
 d - a +0 leather armour (worn)
 g - a +2 helmet (worn)
 h - a +0 pair of boots (worn)
Magical Staves
 n - a staff of cold
Scrolls
 e - 2 scrolls of vulnerability
 l - a scroll of blinking {unknown}
Potions
 f - 2 potions of lignification {unknown}
 i - a potion of degeneration {unknown}
 m - a potion of brilliance {unknown}
 q - a potion of curing {unknown}


   Skills:
 + Level 2.9 Axes
 + Level 0.5 Ranged Weapons
 + Level 1.3 Armour
 + Level 4.5 Dodging
 + Level 1.0 Stealth
 + Level 1.0 Spellcasting
 + Level 2.2 Transmutations
 * Level 2.8 Poison Magic


You had 4 spell levels left.
You knew the following spells:

 Your Spells              Type           Power      Damage    Failure   Level
a - Sting                 Tmut/Pois      24%        1d4       13%         1

Your spell library contained the following spells:

 Spells                   Type           Power      Damage    Failure   Level
 Mephitic Cloud           Conj/Pois/Air  2%         N/A       58%         3


Dungeon Overview and Level Annotations

Branches:
Dungeon (3/15)

Altars:
The Shining One


Innate Abilities, Weirdness & Mutations

((You are very nimble when in or above water. (Stealth+, EV+, Speed+++)))
Your lower body shifts to a powerful aquatic tail in water.


Message History

The sting misses the bat.
The bat hits you but does no damage.
Casting: Sting (safe; 13% risk of failure)
Confirm with . or Enter, or press ? or * to list all spells.
Aiming: Sting (safe; 13% risk of failure)
Press: ? - help, Shift-Dir - straight line, f/p - bat
Aim: a bat (moderately wounded, 52% to hit)
The sting hits the bat.
The bat is poisoned.
You kill the bat!
You start resting.
Magic restored.
j - 31 stones (gained 4)
You see here a +2 vorpal falchion.
Press: ? - help, v - describe, . - travel, g - get item Item here: a +2 vorpal falchion.
The floor.
s - a +2 vorpal falchion Adjust to which letter? (? for menu, Esc to quit)
a - a +2 vorpal falchion;
s - a +3 hand axe (weapon)
a - a +2 vorpal falchion (weapon)
j - 38 stones (gained 7)
Things that are here:
a +0 club; a rat skeleton; a goblin skeleton You see here 4 large rocks.
Found 4 stones.
j - 42 stones (gained 4)
The ogre shouts!
The ogre hits you with a +0 giant club!
Okay, then.
You fade into invisibility!
The ogre completely misses you.
You flicker for a moment.
You see here 4 large rocks.
You flicker back into view.
A hobgoblin comes into view.
The hobgoblin shouts!
You slash the hobgoblin!
You kill the hobgoblin!
The ogre hits you with a +0 giant club!!
Ouch! That really hurt!
You die...

#. ..# #. ##.# #..#..#
#..#..# ....#.# ###
#.######..#.# #..
.........<#.# #.#
######.#$#.############.#
######.#@#.#.............
#......O[#.#.#########...
###.####.###.#.# #...
#......)..O....# #...
############(###########...
####...........#...
#............#.#.##
#..............#...
#..............#.##


You could see an ogre.

Vanquished Creatures
  2 adders (D:2)
  3 gnolls
  2 dart slugs
  5 bats
  2 giant cockroaches (D:1)
  A goblin (D:3)
  5 hobgoblins
  2 jackals (D:1)
  5 quokkas
  2 ball pythons (D:1)
  5 frilled lizards
  A kobold (D:1)
  2 rats
37 creatures vanquished.

Notes
Turn   | Place    | Note
-------+----------+-------------------------------------------
     0 | D:1      | promet the Merfolk Wanderer began the quest for the Orb.
     0 | D:1      | promet set off with the following items: a +2 hand axe, a
                  | +0 pair of boots, a potion of invisibility, a +0 leather
                  | armour; and the following spell memorised: Sting; and the
                  | following spells available to memorise: Mephitic Cloud.
     0 | D:1      | Reached XP level 1. HP: 13/13 MP: 2/2
   181 | D:1      | Found a faded altar of an unknown god.
   276 | D:1      | Reached XP level 2. HP: 19/19 MP: 3/3
   973 | D:2      | Found a glowing golden altar of the Shining One.
  1072 | D:2      | Reached XP level 3. HP: 24/24 MP: 2/4
  1429 | D:2      | Reached skill level 1 in Transmutations
  1436 | D:2      | Identified the +0 sling "Ofoed" {venom, rN+ Str+2 Int+6}
  1772 | D:3      | Noticed an ogre
  1878 | D:3      | Reached XP level 4. HP: 30/30 MP: 2/5
  1887 | D:2      | Reached skill level 1 in Stealth
  2200 | D:3      | Mangled by an ogre

Illustrated notes

Levels and vault maps discovered:
D:1:      dpeg_arrival_long_road, layout_rooms,
          hellmonk_ecumenical_altar_lost_god
D:2:      layout_basic, basic_altar, hangedman_decor_diamond_cutter
D:3:      layout_basic, kiku_gazebo_pond_becter

Skill      XL: |  1  2  3  4 |
---------------+-------------+-----
Transmutations | 2 |  2.2
Stealth        | 1 |  1.0
Axes           | |  2.9
Ranged Weapons | |  0.5
Armour         | |  1.3
Dodging        | |  4.5
Spellcasting   | |  1.0
Poison Magic   | |  2.8

Action                   |  1- 3 |  4- 6 || total
-------------------------+-------+-------++-------
Melee: Hand axe          |    62 |     9 ||    71
       Falchion          |       |     1 ||     1
 Fire: Sling             |    23 |     7 ||    30
Throw: Boomerang         |     3 |       ||     3
 Cast: Sting             |    12 |     5 ||    17
  Use: Scroll            |     4 |       ||     4
       Potion            |       |     1 ||     1
Armor: Leather armour    |    22 |     8 ||    30
Dodge: Dodged            |    55 |    15 ||    70
